 Dungeon Crawl Stone Soup version 0.21.1-1-g345015fe64 (webtiles) character file.

379 Jannitor the Vexing (level 6, -20/41 HPs)
             Began as a Demonspawn Enchanter on June 5, 2018.
             Demolished by an ogre
             ... wielding a +0 giant club
              (21 damage)
             ... on level 4 of the Dungeon.
             The game lasted 00:13:47 (5001 turns).

Jannitor the Vexing (Demonspawn Enchanter)          Turns: 5001, Time: 00:13:48

Health: -20/41     AC:  3    Str: 14    XL:     6   Next: 45%
Magic:  0/9        EV: 12    Int: 18    God:
Gold:   9          SH:  0    Dex: 13    Spells: 6/9 levels left

rFire    . . .     SeeInvis +   n - +0 short sword (protect)
rCold    . . .     Gourm    .   (no shield)
rNeg     . . .     Faith    .   b - +0 robe
rPois    .         Spirit   +   (no helmet)
rElec    .         Reflect  .   (no cloak)
rCorr    .         Harm     .   (no gloves)
MR       .....                  g - +0 pair of boots
Stlth    +++.......             (no amulet)
HPRegen  0.13/turn              f - ring of see invisible
MPRegen  0.11/turn              (no ring)

@: mighty
A: powered by pain 1, magic shield
a: no special abilities


You were on level 4 of the Dungeon.
You were hungry.

You visited 1 branch of the dungeon, and saw 4 of its levels.

You collected 219 gold pieces.
You spent 210 gold pieces at shops.

Inventory:

Hand Weapons
 a - a +1 dagger
 n - a +0 short sword of protection (weapon)
Armour
 b - a +0 robe (worn)
 g - a +0 pair of boots (worn)
Jewellery
 f - a ring of see invisible (left hand)
Scrolls
 j - 4 scrolls of remove curse
 k - a scroll of blinking
 l - 4 scrolls of teleportation
Potions
 i - a potion of curing
 q - a potion of haste
Books
 c - a book of Maledictions

   Spells                             Type                      Level
   a - Corona                         Hexes                        1
   b - Ensorcelled Hibernation        Hexes/Ice                    2
   c - Confuse                        Hexes                        3
   d - Tukima's Dance                 Hexes                        3
   e - Dazzling Spray                 Conjuration/Hexes            3
Comestibles
 d - 7 rations
 p - 2 chunks of flesh


   Skills:
 + Level 3.4 Short Blades
 - Level 1.7 Dodging
 + Level 4.7 Stealth
 - Level 2.0 Spellcasting
 + Level 4.8 Hexes


You had 6 spell levels left.
You knew the following spells:

 Your Spells              Type           Power        Failure   Level  Hunger
a - Corona                Hex            ###....      2%          1    #......
b - Ensorcelled Hibernat  Hex/Ice        ##....       10%         2    ###....


Dungeon Overview and Level Annotations

Branches:
Dungeon (4/15)
 Temple: D:4-7

Altars:
Cheibriados
Trog
Vehumet
Xom

Shops:
D:4 =

Annotations:
D:2 1 runed door
D:3 exclusion: ogre


Innate Abilities, Weirdness & Mutations

You sometimes gain a little power by taking damage.
When hurt, damage is shared between your health and your magic reserves.


Message History

Your weapon exudes an aura of protection.
The ogre is severely wounded.
The ogre hits you with a giant club!
You closely miss the ogre.
The ogre is severely wounded.
You hear the brisk rusting of a distant drain.
The ogre hits you with a giant club!!
Ouch! That really hurt!
* * * LOW HITPOINT WARNING * * *
You focus on the pain.
You feel your power returning.
You barely miss the ogre.
The ogre is severely wounded.
The ogre hits you with a giant club.
You completely miss the ogre.
The ogre is severely wounded.
You closely miss the ogre.
The ogre is severely wounded.
The ogre hits you with a giant club!!
Ouch! That really hurt!
You die...

#..##....###)#.#
..##......#..#.##.....##
.#.............#.....).##
........................#
..........##............#
..#...........#......<..#
.............##.........#
...#.......###..........#
...#...........∩@.......#
#..#............O.......#
...#.###................#
........................#
........................#
.#.....................##
.......#..[............#
......................##
....##.........#.....##


You could see an ogre.

Vanquished Creatures
  3 crimson imps (D:3)
  An iguana (D:4)
  2 orc wizards (D:3)
  A worker ant (D:2)
  A hound skeleton (D:4)
  6 adders
  A dart slug (D:1)
  4 worms
  3 leopard geckos
  12 orcs
  7 bats
  7 giant cockroaches
  5 hobgoblins
  5 jackals
  7 frilled lizards
  5 goblins
  8 kobolds
  7 rats
85 creatures vanquished.

Vanquished Creatures (others)
  A bat (D:2)
  2 jackals (D:2)
  2 kobolds (D:2)
5 creatures vanquished.

Grand Total: 90 creatures vanquished

Notes
Turn   | Place    | Note
-------+----------+-------------------------------------------
     0 | D:1      | Jannitor the Demonspawn Enchanter began the quest for the Orb.
     0 | D:1      | Reached XP level 1. HP: 13/13 MP: 3/3
   469 | D:1      | Reached skill level 1 in Short Blades
   638 | D:1      | Gained mutation: You sometimes gain a little power by taking damage. [demonic ancestry]
   638 | D:1      | Reached XP level 2. HP: 19/19 MP: 5/5
  1397 | D:1      | Learned a level 2 spell: Ensorcelled Hibernation
  1912 | D:2      | Found a runed door.
  1937 | D:2      | Reached XP level 3. HP: 15/24 MP: 3/6
  2459 | D:2      | Reached XP level 4. HP: 18/30 MP: 2/7
  2565 | D:2      | Found a radiant altar of Vehumet.
  3263 | D:3      | Found a snail-covered altar of Cheibriados.
  3264 | D:3      | Found a bloodstained altar of Trog.
  3337 | D:3      | Reached XP level 5. HP: 21/35 MP: 2/8
  3873 | D:3      | Found a shimmering altar of Xom.
  4014 | D:3      | Gained mutation: When hurt, damage is shared between your health and your magic reserves. [demonic ancestry]
  4014 | D:3      | Reached XP level 6. HP: 26/41 MP: 9/9
  4966 | D:4      | Found Ulaek's Jewellery Shoppe.
  4972 | D:4      | Bought an uncursed ring of see invisible for 210 gold pieces
  4998 | D:4      | HP: 1/41 [ogre/giant club (21)]
  5001 | D:4      | Demolished by an ogre

Skill      XL: |  1  2  3  4  5 |
---------------+----------------+-----
Short Blades   | 1 2 3 |  3.4
Stealth        | 3 4 |  4.7
Hexes          | 4 |  4.8
Dodging        | |  1.7
Spellcasting   | |  2.0

Action                   |  1- 3 |  4- 6 || total
-------------------------+-------+-------++-------
Melee: Dagger            |   130 |    21 ||   151
       Short sword       |       |   307 ||   307
 Cast: Ensorcelled Hiber |     7 |    28 ||    35
       Corona            |     2 |     1 ||     3
  Use: Potion            |       |     3 ||     3
       Scroll            |       |     8 ||     8
 Stab: Sleeping          |    16 |    20 ||    36
       Distracted        |       |     1 ||     1
  Eat: Chunk             |     5 |     7 ||    12
       Ration            |       |     1 ||     1
Armor: Robe              |    19 |   102 ||   121
Dodge: Dodged            |    88 |   180 ||   268
